 Dungeon Crawl Stone Soup version 0.31-a0-1616-gbeaec30b81 (webtiles) character file.

Game seed: 15602028063875019899

15145 Xavori the Nimble (level 12, -22/88 HPs)
             Began as a Djinni Chaos Knight on Jan 11, 2024.
             Was a Plaything of Xom.
             Annihilated by a white very ugly thing (53 damage)
             ... on level 1 of the Abyss.
             The game lasted 00:26:06 (21792 turns).

Xavori the Nimble (Djinni Chaos Knight)            Turns: 21792, Time: 00:26:06

Health: -22/88     AC: 14    Str: 15 (18) XL:     12   Next: 54%
Gold:   788        EV: 16    Int:  8 (10) God:    Xom [..*...] SH:  0 Dex: 15 (17)

rFire   + + .        C - +8 long sword of the Crawling Thing {spect, Str+4 Int-5}
rCold   . . .        (no shield)
rNeg    + + .        I - +0 troll leather armour
rPois   ∞            B - +1 helmet
rElec   +            E - +1 cloak "Qehix" {Int+3 Slay+2}
rCorr   .            x - +0 pair of gloves
SInv    .            (boots unavailable)
Will    +++..        (no amulet)
Stlth   +++          u - ring of Equilibrium {Ice rN++ Int-4}
HPRegen 1.14/turn    i - +4 ring of protection
MPRegen 0.00/turn

%: infuse magic (-23 HP)
@: flying
A: sickness immunity, fire resistance 3, cold vulnerability 1, float, innate
caster, HP casting, extra vitality 1, thin skeletal structure 1, camouflage 1,
clever 1, clumsy 1, strong-willed 2, sense surroundings 2, screaming 1,
electricity resistance, strong 1, MP-powered wands, noise suppression
a: Renounce Religion


You were on level 1 of the Abyss.
You worshipped Xom.
You were a toy of Xom.
You visited 1 branch of the dungeon, and saw 11 of its levels.
You visited the Abyss 1 time.
You also visited: Bailey.

You collected 788 gold pieces.

Inventory:

Hand Weapons
 C - the +8 long sword of the Crawling Thing (weapon) {spect, Str+4 Int-5}
   (You took it off a gnoll on level 8 of the Dungeon)

   Str+4:     It affects your strength (+4).
   Int-5:     It affects your intelligence (-5).
 G - a +2 scimitar of flaming
Missiles
 D - 3 throwing nets (quivered)
Armour
 b - a +2 leather armour
 x - a +0 pair of gloves (worn)
 B - a +1 helmet (worn)
 E - the +1 cloak "Qehix" (worn) {Int+3 Slay+2}
   (You found it in a bailey)

   Int+3:     It affects your intelligence (+3).
   Slay+2:    It affects your accuracy & damage with ranged weapons and melee
   (+2).
 H - a +0 cloak
 I - a +0 troll leather armour (worn)
Jewellery
 d - a ring of wizardry
 i - a +4 ring of protection (right hand)
 l - a ring of fire
 u - the ring of Equilibrium (left hand) {Ice rN++ Int-4}
   (You found it in a bailey)

   [ring of ice]

   Ice:       It enhances your ice magic.
   Int-4:     It affects your intelligence (-4).
   rF-:       It makes you vulnerable to fire.
   rC+:       It protects you from cold.
   rN++:      It greatly protects you from negative energy.
 F - a ring of willpower
Wands
 f - a wand of digging (5)
 k - a wand of light (5)
 s - a wand of iceblast (11)
 y - a wand of flame (16)
 L - a wand of charming (9)
Scrolls
 c - a scroll of butterflies
 h - 2 scrolls of torment
 m - 2 scrolls of fog
 n - 3 scrolls of enchant armour
 o - 2 scrolls of blinking
 p - 2 scrolls of poison
 w - a scroll of enchant weapon
 K - a scroll of teleportation
 N - 2 scrolls of fear
Potions
 a - 3 potions of curing
 e - 3 potions of cancellation
 g - a potion of degeneration
 j - a potion of enlightenment
 t - a potion of attraction
 v - a potion of haste {unknown}
 z - a potion of brilliance {unknown}
 J - 2 potions of mutation


   Skills:
 + Level 8.3 Fighting
 + Level 7.6 Long Blades
 + Level 7.7 Armour
 + Level 8.7 Dodging
 * Level 7.5 Spellcasting
 * Level 7.5 Conjurations
 * Level 7.5 Hexes
   Level 0.0 Charms
 * Level 7.5 Summonings
 * Level 7.5 Necromancy
 * Level 7.5 Translocations
   Level 0.0 Transmutations
 * Level 7.5 Fire Magic
 * Level 7.5 Ice Magic
 * Level 7.5 Air Magic
 * Level 7.5 Earth Magic
 * Level 7.5 Alchemy
 + Level 7.5 Evocations


You knew the following spells:

 Your Spells              Type           Power      Damage    Failure   Level
a - Necrotise             Necr           60%        1d7       1%          1
b - Scorch                Fire           30%        2d6       1%          2
c - Sigil of Binding      Hex            15%        N/A       3%          3
d - Inner Flame           Hex/Fire       15%        N/A       3%          3
e - Passage of Golubria   Tloc           15%        N/A       11%         4
Your spell library was empty.

Dungeon Overview and Level Annotations

Branches:
Dungeon (11/15)            Temple (0/1) D:4            Lair (0/5) D:9
    Orc (0/2) D:10         Bailey (visited)

Altars:
Cheibriados
Dithmenos
Fedhas
Okawaru
Wu Jian
Xom

Shops:
D:9 *[   D:10 ([:


Innate Abilities, Weirdness & Mutations

You are immune to sickness and miasma.
You are immune to poison.
Your flesh is almost immune to the effects of heat. (rF+++)
You are vulnerable to cold. (rC-)
You float through the air rather than walking.
You learn spells naturally, not from books.
Your magical power is your life essence.
You have superior vitality. (+4 MHP)
You have a somewhat thin skeletal structure. (Dex +2, Stealth+)
Your skin changes colour to match your surroundings (Stealth+).
Your mind is acute. (Int +4, Str/Dex -1)
You are clumsy. (Dex -2)
You are highly strong-willed. (Will++)
You passively map the area around you.
You occasionally shout uncontrollably at your foes.
You are resistant to electric shocks. (rElec)
Your muscles are strong. (Str +4, Int/Dex -1)
You expend health (3 HP) to strengthen your wands.
You passively dampen the noise of your surroundings.


Message History

You are engulfed in flames.
You resist.
You writhe in agony.
It was a potion of degeneration.
There was something very wrong with that liquid.
You feel weakened.
You feel dopey.
You feel clumsy.
Xom thinks this is hilarious!
The balrug is engulfed in seething chaos.
The balrug seems to be corroded for longer.
The balrug hits you with a +0 demon whip of pain!
You are engulfed in flames!
You resist.
You writhe in agony.
Unknown command.
The white very ugly thing gurgles horribly!
You slice the balrug!!
The balrug is heavily wounded.
The balrug is engulfed in seething chaos.
The balrug blinks!
A dread lich comes into view.
Okay, then.
Things that are here:
a +2 whip of holy wrath; a +0 robe The balrug completely misses you.
The balrug gestures at you. Something smites you!
A raiju comes into view.
The balrug gestures at you. Something smites you! The balrug gestures at you.
The pyre arrow hits you.
You are covered in intense liquid fire!
You shake off some of the fire as you move.
The liquid fire burns you!
There is a corrupted altar of Lugonu here.
You shake off some of the fire as you move.
The liquid fire burns you!
You shake off the liquid fire.
The white very ugly thing attacks as it pursues you!
The white very ugly thing stings you!
The white very ugly thing freezes you!!!
Ouch! That really hurt!
You die...
Xom bursts into laughter!

## .# #####..
#.#.#
#.........#. .
##.#... ..#3#..#.
#.#..###.....##.#
###.....#.##..
.h#
#....#.......##.#
#@##.#..#.###.
##u.2.##...#.#
####.###2..# ###
##.#.# ###...##
##u..### ## #2###
.# ##)#.....# . .
#######.#.##...#
#


You could see a white very ugly thing and a balrug.

Vanquished Creatures
  An angel (Abyss:1)
  Erica (D:8)
  A centaur warrior (D:9)
  A boulder beetle (D:11)
  A shadow wraith (Abyss:1)
  A manticore (D:11)
  A centaur zombie (Abyss:1)
  A moth of wrath (D:11)
  2 rust devils (D:10)
  A smoke demon (D:10)
  A kobold demonologist (D:11)
  4 trolls
  A red devil (D:10)
  A hellwing (D:10)
  2 wraiths (D:11)
  10 yaks
  2 vampires (D:10)
  A neqoxec (Abyss:1)
  2 vampire mosquitoes (D:10)
  Grum (D:6)
  A water moccasin (D:5)
  2 sky beasts (D:7)
  A black bear (D:5)
  14 orc warriors
  A small abomination (Abyss:1)
  5 laughing skulls (Abyss:1)
  2 centaurs
  A wolf (D:6)
  An ogre (D:5)
  6 kobold brigands
  3 bullfrogs
  A brain worm (Abyss:1)
  2 gnoll sergeants
  3 scorpions
  13 wights
  4 killer bees (D:8)
  6 bombardier beetles
  9 hounds
  7 orc priests
  A jelly (D:5)
  3 sleepcaps
  6 gnoll boudas
  4 iguanas
  3 orc wizards
  29 gnolls
  3 adders
  2 shadow imps
  A white imp (D:6)
  4 ufetubi
  A ribbon worm (D:3)
  2 dart slugs
  39 orcs
  11 ball pythons
  3 bats
  7 endoplasms
  3 giant cockroaches
  10 goblins
  4 hobgoblins
  A jackal (shapeshifter) (Bailey)
  11 jackals
  3 quokkas
  8 frilled lizards
  30 kobolds
  10 rats
317 creatures vanquished.

Vanquished Creatures (collateral kills)
  A water moccasin (D:3)
  An orc priest (D:3)
  An orc (D:3)
  A goblin (D:3)
4 creatures vanquished.

Vanquished Creatures (others)
  3 kobolds (D:8)
3 creatures vanquished.

Grand Total: 324 creatures vanquished

Notes
Turn   | Place    | Note
-------+----------+-------------------------------------------
     0 | D:1      | Xavori the Djinni Chaos Knight began the quest for the Orb.
     0 | D:1      | Reached XP level 1. HP: 20/20 MP: 0/0
    28 | D:1      | Reached XP level 2. HP: 22/25 MP: 0/0
   416 | D:1      | Reached XP level 3. HP: 30/30 MP: 0/0
   416 | D:1      | Learned a level 1 spell: Necrotise
   434 | D:1      | Reached skill level 1 in Spellcasting
   434 | D:1      | Reached skill level 1 in Conjurations
   434 | D:1      | Reached skill level 1 in Hexes
   434 | D:1      | Reached skill level 1 in Summonings
   434 | D:1      | Reached skill level 1 in Necromancy
   434 | D:1      | Reached skill level 1 in Translocations
   434 | D:1      | Reached skill level 1 in Fire Magic
   434 | D:1      | Reached skill level 1 in Ice Magic
   434 | D:1      | Reached skill level 1 in Air Magic
   434 | D:1      | Reached skill level 1 in Earth Magic
   434 | D:1      | Reached skill level 1 in Alchemy
  1886 | D:1      | XOM: divination: detect creatures
  1946 | D:1      | XOM: scenery: create altars
  2645 | D:1      | XOM: give mutations
  2645 | D:1      | Gained mutation: You are resistant to electric shocks.
                  | (rElec) [Xom's mischief]
  2645 | D:1      | Gained mutation: You are clumsy. (Dex -2) [Xom's mischief]
  2645 | D:1      | Gained mutation: You are very vulnerable to cold. (rC--)
                  | [Xom's mischief]
  2645 | D:1      | Gained mutation: You occasionally shout uncontrollably at
                  | your foes. [Xom's mischief]
  2993 | D:1      | XOM: noise
  3718 | D:1      | XOM is BORED!
  4733 | D:1      | XOM: divination: magic mapping
  5127 | D:1      | XOM: god gift: Great Wizards, Vol. II
  5396 | D:1      | XOM: god gift: 6 silver javelins
  5409 | D:1      | XOM: cloud trail
  5583 | D:1      | XOM: silly message
  6473 | D:1      | XOM: cloud trail
  6590 | D:1      | XOM is BORED!
  6590 | D:1      | XOM: torment (16/30 hp)
  7236 | D:1      | XOM: give mutations
  7236 | D:1      | Gained mutation: You have hidden genetic potential. [Xom's
                  | grace]
  7236 | D:1      | Gained mutation: You have great hidden genetic potential.
                  | [Xom's grace]
  7236 | D:1      | Gained mutation: You have a somewhat thin skeletal
                  | structure. (Dex +2, Stealth+) [Xom's grace]
  7236 | D:1      | Gained mutation: You passively map a small area around you.
                  | [Xom's grace]
  7322 | D:1      | XOM: summons 3 hostile shadow creatures
  7343 | D:2      | XOM: god gift: knobbly jewelled staff {god gift}
  7417 | D:1      | XOM: god gift: wand of light (4)
  7546 | D:1      | XOM: summons 3 hostile shadow creatures
  7914 | D:1      | XOM: give mutation
  7914 | D:1      | Lost mutation: You are very vulnerable to cold. (rC--)
                  | [Xom's mischief]
  8036 | D:1      | XOM: cloud trail
  8579 | D:1      | XOM: god gift: ring of fire
  8825 | D:2      | XOM: divination: detect creatures
  8907 | D:2      | XOM: silly message
  9102 | D:2      | XOM: 9-stop teleportation journey
  9264 | D:2      | Reached XP level 4. HP: 35/35 MP: 0/0
  9553 | D:3      | Gained mutation: Your skin changes colour to match your
                  | surroundings (Stealth+). [hidden potential]
  9576 | D:3      | Noticed a water moccasin
  9600 | D:3      | XOM: summons 4 friendly demons
  9611 | D:3      | Killed a water moccasin
  9612 | D:3      | Reached skill level 1 in Evocations
  9612 | D:3      | Reached XP level 5. HP: 20/41 MP: 0/0
  9612 | D:3      | Learned a level 2 spell: Scorch
  9612 | D:3      | Reached XP level 6. HP: 23/47 MP: 0/0
  9638 | D:3      | Gained mutation: You expend health (3 HP) to strengthen
                  | your wands. [hidden potential]
  9638 | D:3      | Lost mutation: You have great hidden genetic potential.
                  | [hidden potential expressed]
  9812 | D:3      | XOM: polymorph ribbon worm -> giant cockroach
  9926 | D:3      | XOM: summons 1 hostile shadow creature
 10031 | D:3      | XOM: noise
 10080 | D:3      | Found a faded altar of an unknown god.
 10084 | D:3      | Found a snail-covered altar of Cheibriados.
 10121 | D:3      | XOM: summons 4 hostile demons
 10480 | D:3      | XOM: noise
 10655 | D:4      | XOM: enchant monster (bad)
 10657 | D:4      | XOM: divination: detect items
 10666 | D:4      | XOM: 1-stop teleportation journey
 10942 | D:4      | Reached XP level 7. HP: 51/51 MP: 0/0
 10942 | D:4      | Learned a level 3 spell: Sigil of Binding
 11182 | D:4      | Found a staircase to the Ecumenical Temple.
 11423 | D:5      | Entered Level 5 of the Dungeon
 11431 | D:5      | XOM: smoke on damage
 11575 | D:5      | XOM: 1-stop teleportation journey
 11628 | D:5      | XOM: polymorph iguana -> frilled lizard
 11634 | D:5      | Found a shadowy altar of Dithmenos.
 11715 | D:5      | XOM: 2-stop teleportation journey
 11898 | D:5      | XOM: noise
 12202 | D:5      | Reached XP level 8. HP: 54/58 MP: 0/0
 12821 | D:5      | XOM: butterfly on damage
 12822 | D:5      | XOM: summons 3 friendly demons
 13032 | D:6      | XOM: enchant monster (bad)
 13177 | D:6      | XOM: enchant monster (bad)
 13191 | D:6      | XOM: silly message
 13233 | D:6      | Reached skill level 5 in Fighting
 13233 | D:6      | Reached XP level 9. HP: 59/65 MP: 0/0
 13233 | D:6      | Learned a level 3 spell: Inner Flame
 13293 | D:6      | Gained mutation: You passively map the area around you.
                  | [hidden potential]
 13314 | D:6      | Reached skill level 5 in Dodging
 13330 | D:6      | Noticed Grum
 13336 | D:6      | XOM: butterfly on damage
 13594 | D:6      | Killed Grum
 13700 | D:6      | XOM: confuse monster(s)
 13716 | D:6      | XOM: noise
 13741 | D:6      | XOM: confusion (+ monsters)
 13910 | D:6      | XOM: blink monster(s)
 14218 | D:6      | Reached skill level 5 in Long Blades
 14261 | D:6      | XOM: give mutation
 14261 | D:6      | Gained mutation: You are strong-willed. (Will+) [Xom's
                  | grace]
 14569 | D:6      | Found an iron altar of Okawaru.
 14627 | D:7      | XOM: polymorph wyvern -> quokka
 15021 | D:7      | XOM: butterfly on damage
 15392 | D:7      | XOM: 7-stop teleportation journey
 15448 | D:7      | Reached skill level 5 in Armour
 15650 | D:7      | XOM: noise
 15728 | D:7      | XOM: draining
 16030 | D:7      | Reached XP level 10. HP: 60/64 MP: 0/0
 16395 | D:8      | Gained mutation: Your mind is acute. (Int +4, Str/Dex -1)
                  | [hidden potential]
 16395 | D:8      | Lost mutation: You have hidden genetic potential. [hidden
                  | potential expressed]
 16670 | D:8      | Reached skill level 5 in Spellcasting
 16670 | D:8      | Reached skill level 5 in Conjurations
 16670 | D:8      | Reached skill level 5 in Hexes
 16670 | D:8      | Reached skill level 5 in Summonings
 16670 | D:8      | Reached skill level 5 in Necromancy
 16670 | D:8      | Reached skill level 5 in Translocations
 16670 | D:8      | Reached skill level 5 in Fire Magic
 16670 | D:8      | Reached skill level 5 in Ice Magic
 16670 | D:8      | Reached skill level 5 in Air Magic
 16670 | D:8      | Reached skill level 5 in Earth Magic
 16670 | D:8      | Reached skill level 5 in Alchemy
 16776 | D:8      | Reached skill level 5 in Evocations
 17033 | D:8      | XOM: 5-stop teleportation journey
 17310 | D:8      | XOM is BORED!
 17310 | D:8      | XOM: summons 4 hostile demons
 17379 | D:8      | Identified the +8 long sword of the Crawling Thing {spect,
                  | Str+4 Int-5}
 17399 | D:8      | Noticed Erica
 17404 | D:8      | XOM: confusion
 17410 | D:8      | Killed Erica
 17543 | D:8      | XOM: 10-stop teleportation journey
 17679 | D:8      | XOM: cloud trail
 17691 | D:8      | XOM: confuse monster(s)
 17694 | D:8      | XOM: cast spell 'Monstrous Menagerie'
 17961 | D:9      | XOM: enchant monster (good)
 18058 | D:9      | Found an ornate altar of the Wu Jian Council.
 18059 | D:9      | Found a blossoming altar of Fedhas.
 18083 | D:9      | Found a staircase to the Lair.
 18141 | D:9      | Reached XP level 11. HP: 69/78 MP: 0/0
 18141 | D:9      | Learned a level 4 spell: Passage of Golubria
 18216 | D:9      | Found Vogod's Armour Shoppe.
 18574 | D:9      | Noticed a centaur warrior
 18588 | D:9      | Killed a centaur warrior
 18787 | D:9      | Found Luorrur's General Store.
 18789 | D:9      | XOM: noise
 18939 | D:9      | XOM: torment (41/79 hp)
 19170 | D:10     | Entered Level 10 of the Dungeon
 19178 | D:10     | Found Yrghafut's Armour Emporium.
 19180 | D:10     | XOM: blink monster(s)
 19188 | D:10     | XOM: 5-stop teleportation journey
 19287 | D:10     | XOM: repel stairs
 19326 | D:10     | Found a staircase to the Orcish Mines.
 19327 | D:10     | Found Saahog's Weapon Emporium.
 19378 | D:10     | XOM: cast spell 'Summon Mana Viper'
 19384 | D:10     | XOM: summons 6 hostile demons
 19389 | D:10     | Found a flagged portal.
 19527 | Bailey   | Entered a bailey
 19551 | Bailey   | XOM: 2-stop teleportation journey
 19575 | Bailey   | XOM: scenery: summon butterflies
 19696 | Bailey   | XOM: polymorph orc -> shapeshifter
 19835 | Bailey   | Identified the ring of Equilibrium {Ice rN++ Int-4}
 19839 | Bailey   | Identified the +1 cloak "Qehix" {Int+3 Slay+2}
 19962 | D:10     | XOM: 1-stop teleportation journey
 20079 | D:10     | XOM: give mutations
 20079 | D:10     | Gained mutation: Your flesh is almost immune to the effects
                  | of heat. (rF+++) [Xom's grace]
 20079 | D:10     | Gained mutation: You are highly strong-willed. (Will++)
                  | [Xom's grace]
 20079 | D:10     | Gained mutation: Your muscles are strong. (Str +4, Int/Dex
                  | -1) [Xom's grace]
 20079 | D:10     | Gained mutation: You passively dampen the noise of your
                  | surroundings. [Xom's grace]
 20104 | D:10     | XOM: cast spell 'Metabolic Englaciation'
 20275 | D:10     | Found Vasotuc's Tiny Tomes.
 20356 | D:10     | Identified the +1 cloak of Nigeigin {Stlth+}
 20488 | D:10     | XOM: smoke on damage
 20494 | D:10     | XOM: enchant monster (bad)
 20787 | D:11     | Noticed a boulder beetle
 20794 | D:11     | XOM: cast spell 'Leda's Liquefaction'
 20799 | D:11     | Killed a boulder beetle
 20841 | D:11     | XOM: noise
 20845 | D:11     | Reached XP level 12. HP: 84/86 MP: 0/0
 20855 | D:11     | XOM: blink monster(s)
 20921 | D:11     | XOM: swap monsters
 20984 | D:11     | XOM: 1-stop teleportation journey
 21043 | D:11     | Noticed Erolcha
 21046 | D:11     | Erolcha changed into Erolcha the moth of wrath
 21046 | D:11     | Noticed Erolcha
 21046 | D:11     | XOM: polymorph Erolcha -> Erolcha the moth of wrath
 21050 | D:11     | Killed Erolcha the moth of wrath
 21367 | Abyss:1  | Cast into level 1 of the Abyss (Xom)
 21370 | Abyss:1  | Found a snail-covered altar of Cheibriados.
 21440 | Abyss:1  | Found a candlelit altar of Ignis.
 21508 | Abyss:1  | Found a corrupted altar of Lugonu.
 21528 | Abyss:1  | Killed a shadow wraith
 21541 | Abyss:1  | Found a corrupted altar of Lugonu.
 21559 | Abyss:1  | Noticed a white very ugly thing
 21593 | Abyss:1  | Found a corrupted altar of Lugonu.
 21638 | Abyss:1  | Noticed a thrashing horror
 21696 | Abyss:1  | Found a corrupted altar of Lugonu.
 21696 | Abyss:1  | Found a corrupted altar of Lugonu.
 21696 | Abyss:1  | Noticed a large abomination
 21701 | Abyss:1  | Noticed an angel
 21714 | Abyss:1  | XOM: swap monsters
 21716 | Abyss:1  | Killed an angel
 21763 | Abyss:1  | Noticed a balrug
 21763 | Abyss:1  | XOM: chaos cloud
 21773 | Abyss:1  | Noticed a dread lich
 21783 | Abyss:1  | Found a corrupted altar of Lugonu.
 21792 | Abyss:1  | Annihilated by a white very ugly thing

Illustrated notes

Levels and vault maps discovered:
D:1:      heliophobic_arrival_glass_houses, layout_rooms,
          minmay_rat_gold_closets
D:2:      layout_loops_corners, minmay_split_cup_small
D:3:      layout_rooms, nicolae_overflow_ecumenical_swirl,
          kennysheep_big_empty_room, eino_tiny_chamber,
          kennysheep_generic_room_6
D:4:      minmay_angry_zag, layout_loops_ring, minmay_temple_entry_poolview,
          minivault_14, minmay_misc_feat_enclosed, nicolae_elevator_lobby_plus
D:5:      layout_layer_cave, jmf_multi_god_temple,
          minmay_misc_feat_four_crosses, dk_rats_in_the_wall
D:6:      layout_cave_pools, general_overflow_altar,
          hellmonk_sif_muna_bookshelves, serial_gnoll_camp,
          gnoll_camp_mini_basic, gnoll_camp_medium_02, grums_kennel,
          gnoll_camp_mini_house
D:7:      layout_layer_cave, minmay_misc_feat_tiny
D:8:      layout_loops_cross, uniq_erica
D:9:      layout_loops_ring, nicolae_overflow_two_pavilions, dpeg_oklobed_lair,
          serial_shops, nicolae_shop_behind_doors, shop
D:10:     layout_irregular_city, orc_david_3, enter_bailey_5,
          nicolae_shop_i_like_small_books_too, nicolae_where_there's_smoke
D:11:     layout_long_grid, uniq_erolcha
Abyss:1:  base: D:8, guppyfry_abyss_exit_imp_island,
          hangedman_abyss_or_decor_passed, evilmike_abyss_exit_7

Skill      XL: |  1  2  3  4  5  6  7  8  9 10 11 12 |
---------------+-------------------------------------+-----
Spellcasting   | 1 2 3 4 5 6 7 |  7.5
Conjurations   | 1 2 3 4 5 6 7 |  7.5
Hexes          | 1 2 3 4 5 6 7 |  7.5
Summonings     | 1 2 3 4 5 6 7 |  7.5
Necromancy     | 1 2 3 4 5 6 7 |  7.5
Translocations | 1 2 3 4 5 6 7 |  7.5
Fire Magic     | 1 2 3 4 5 6 7 |  7.5
Ice Magic      | 1 2 3 4 5 6 7 |  7.5
Air Magic      | 1 2 3 4 5 6 7 |  7.5
Earth Magic    | 1 2 3 4 5 6 7 |  7.5
Alchemy        | 1 2 3 4 5 6 7 |  7.5
Long Blades    | 3 4 5 6 7 |  7.6
Armour         | 2 3 4 5 6 7 |  7.7
Dodging        | 3 4 5 7 8 |  8.7
Evocations     | 1 2 3 4 5 6 7 |  7.5
Fighting       | 4 5 6 7 8 |  8.3

Action                     |  1- 3 |  4- 6 |  7- 9 | 10-12 || total
---------------------------+-------+-------+-------+-------++-------
  Melee: Falchion          |   106 |   179 |    37 |       ||   322
         Punch             |     1 |     1 |     5 |     5 ||    12
         Scimitar          |       |       |   301 |    99 ||   400
         Long sword        |       |       |       |   281 ||   281
   Cast: Scorch            |       |     2 |    27 |    41 ||    70
         Sigil of Binding  |       |       |     3 |       ||     3
         Inner Flame       |       |       |    11 |    34 ||    45
  Evoke: Wand              |       |       |     1 |     5 ||     6
    Use: Scroll            |       |     6 |     8 |     7 ||    21
         Potion            |       |       |     3 |     5 ||     8
   Stab: Sleeping          |     2 |     6 |     5 |     5 ||    18
         Paralysed         |     1 |     1 |       |       ||     2
         Petrified         |       |     2 |       |       ||     2
         Distracted        |       |     3 |       |     5 ||     8
         Petrifying        |       |     1 |       |       ||     1
         Confused          |       |     2 |       |       ||     2
         Invisible         |       |       |       |     2 ||     2
 Armour: Leather armour    |    75 |   123 |   327 |   160 ||   685
         Troll leather arm |       |       |       |   167 ||   167
  Dodge: Dodged            |    75 |   130 |   329 |   365 ||   899

Table legend: (Time is in decaauts)
 A = Elapsed time spent in this place.
 B = Non-inter-level travel time spent in this place.
 C = Inter-level travel time spent in this place.
 D = Time resting spent in this place.
 E = Time spent auto-exploring this place.
 F = Levels seen in this place.
 G = Mean time per level.
                   A        B        C        D        E       F      G
               +--------+--------+--------+--------+--------+-----+--------+
         Total |  21940 |  21595 |    345 |  10333 |   8438 |  13 | 1687.7 |
       Dungeon |  21086 |  20741 |    345 |  10203 |   8025 |  11 | 1916.9 |
         Abyss |    433 |    433 |      0 |     68 |    214 |   1 |  433.0 |
        Bailey |    421 |    421 |      0 |     62 |    199 |   1 |  421.0 |
               +--------+--------+--------+--------+--------+-----+--------+

Top non-repeatable levels by time:
     D:1: 8197 daAuts
     D:7: 1922 daAuts
     D:5: 1623 daAuts
     D:6: 1537 daAuts
     D:8: 1384 daAuts
     D:2: 1344 daAuts
     D:9: 1282 daAuts
    D:10: 1144 daAuts
     D:4: 1025 daAuts
     D:3: 986 daAuts
    D:11: 639 daAuts
 Abyss:1: 433 daAuts
  Bailey: 421 daAuts
